 Dungeon Crawl Stone Soup version 0.19.1-1-g22dce08 (webtiles) character file.

15560 ponk the Brawler (level 12, -1/104 HPs)
             Began as a Troll Monk on Jan 14, 2017.
             Was a High Priest of Nemelex Xobeh.
             Slain by a demonic crawler (3 damage)
             ... on level 1 of the Spider Nest.
             The game lasted 00:51:12 (11232 turns).

ponk the Brawler (Troll Monk)                      Turns: 11232, Time: 00:51:14

Health: -1/104     AC: 10    Str: 23    XL:     12   Next: 2%
Magic:  11/11      EV: 11    Int:  6    God:    Nemelex Xobeh [*****.]
Gold:   796        SH:  0    Dex: 18    Spells: 1 memorised, 3 levels left

rFire  . . .     SeeInvis .       - Unarmed
rCold  . . .     Gourm    +     S - +0 troll leather armour
rNeg   . . .     Faith    .     (no shield)
rPois  .         Spirit   .     d - +2 hat
rElec  .         Reflect  .     K - +0 cloak
rCorr  .         Harm     +     (gloves unavailable)
MR     .....                    (boots unavailable)
Stlth  +.........               P - amulet of harm
                                t - +4 ring of slaying
                                c - +5 ring of dexterity

@: confused
A: unfitting armour, claws 3, fast metabolism 3, gourmand, regeneration 1,
shaggy fur 1, tough skin 2, weak 1
a: Triple Draw, Deal Four, Stack Five, Renounce Religion


You were on level 1 of the Spider Nest.
You worshipped Nemelex Xobeh.
Nemelex Xobeh was extremely pleased with you.
You were very full.

You visited 4 branches of the dungeon, and saw 15 of its levels.

You collected 796 gold pieces.

Inventory:

Hand Weapons
 r - a +0 blowgun
 z - a +2 dagger of electrocution
 H - a +0 spear of piercing
Missiles
 e - 7 javelins (quivered)
 C - 2 javelins of penetration
Armour
 d - a +2 hat (worn)
 K - a +0 cloak (worn)
 R - a +0 robe of the Archmagi
 S - a +0 troll leather armour (worn)
Jewellery
 c - a +5 ring of dexterity (left claw)
 f - an uncursed ring of protection from cold
 t - a +4 ring of slaying (right claw)
 B - an uncursed ring of see invisible
 G - an uncursed ring of protection from magic
 J - an uncursed ring of ice
 P - an amulet of harm (around neck)
Wands
 n - a wand of digging (12/24)
 q - a wand of slowing (11/48)
 M - a wand of flame (23/48)
 N - a wand of lightning (10/15)
 O - a wand of paralysis (11/24)
 U - a wand of digging (13/24)
Scrolls
 g - a scroll of silence {unknown}
 h - 7 scrolls of identify
 k - 4 scrolls of blinking
 m - 3 scrolls of recharging
 u - 6 scrolls of amnesia {unknown}
 w - 3 scrolls of noise {unknown}
 x - 4 scrolls of magic mapping {unknown}
 E - 2 scrolls of immolation {unknown}
 F - 5 scrolls of remove curse
 L - a scroll of random uselessness {unknown}
 T - a scroll of vulnerability {unknown}
Potions
 o - a potion of agility
 v - 5 potions of curing
 I - a potion of flight
 Y - 2 potions of haste
Books
 y - the Disquisition on Hexes and the Rocks
   (You found it on level 5 of the Dungeon)

   Spells                             Type                      Level
   a - Inner Flame                    Hexes/Fire                   3
   b - Petrify                        Transmutation/Earth          4
   c - Yara's Violent Unravelling     Hexes/Transmutation          5
   d - Discord                        Hexes                        8
 A - a book of Geomancy

   Spells                             Type                      Level
   a - Sandblast                      Earth                        1
   b - Passwall                       Transmutation/Earth          2
   c - Stone Arrow                    Conjuration/Earth            3
   d - Petrify                        Transmutation/Earth          4
   e - Lee's Rapid Deconstruction     Earth                        5
 W - a book of Air

   Spells                             Type                      Level
   a - Shock                          Conjuration/Air              1
   b - Swiftness                      Charms/Air                   2
   c - Repel Missiles                 Charms/Air                   2
   d - Static Discharge               Conjuration/Air              3
   e - Lightning Bolt                 Conjuration/Air              5
Miscellaneous
 a - an ornate deck of summoning {drawn: 7}
 p - a plain deck of destruction {drawn: 6}
 D - a plain deck of escape {drawn: 3}
 Q - an ornate deck of escape
 Z - a legendary deck of destruction {drawn: 5}
Comestibles
 b - 12 bread rations
 i - 5 meat rations
 j - 4 slices of pizza
 s - 4 fruits
 V - 6 chunks of flesh
 X - 10 royal jellies


   Skills:
 - Level 2.8 Fighting
 - Level 2.8 Dodging
 - Level 1.1 Stealth
 + Level 18.1 Unarmed Combat


You had 3 spell levels left.
You knew the following spells:

 Your Spells              Type           Power        Failure   Level  Hunger
a - Discord               Hex            #.........   100%        8    #######


Dungeon Overview and Level Annotations

Branches:
Dungeon (10/15)            Temple (1/1) D:4            Lair (3/6) D:10
 Spider (1/4) Lair:3
  Swamp: Lair:2-4    Shoals: Lair:2-4       Orc: D:9-12

Altars:
Ashenzari
Cheibriados
Dithmenos
Elyvilon
Fedhas
Gozag
Hepliaklqana
Kikubaaqudgha
Makhleb
Nemelex Xobeh
Okawaru
Qazlal
Ru
Sif Muna
Trog
Uskayaw
Vehumet
Xom
Yredelemnul
Zin
The Shining One

Shops:
D:6 ?


Innate Abilities, Weirdness & Mutations

You are too large for most types of armour.
You have claws for hands.
Your metabolism is lightning-fast.
You like to eat raw meat.
Your natural rate of healing is unusually fast.
You are covered in fur. (AC +1)
You have very tough skin. (AC +2)
You are weak. (Str -2)


Message History

* * * LOW HITPOINT WARNING * * *
The demonic crawler barely misses you.
Your hell hound bites the redback!
Are you sure you want to stumble around while confused and next to your wyvern?
You miss your chaos spawn.
The chaos spawn is heavily wounded.
The redback bites your hell hound. The tarantella barely misses you.
Ponk's illusion hits the tarantella.
The redback closely misses your hell hound.
The soul eater closely misses you. The chaos spawn barely misses you.
Your hell hound bites the demonic crawler but does no damage.
Your wyvern closely misses the tarantella.
Are you sure you want to stumble around while confused and next to your wyvern?
You mangle the soul eater!!
You kill the soul eater!
Your wyvern bites the chaos spawn but does no damage.
Your hell hound bites the chaos spawn!
The redback closely misses your hell hound.
The demonic crawler hits you.
You die...
Your body glows with a rainbow of weird colours and disappears.

#.....>..#
#.#......#
..##....#...#
........#...# .
#.###...##..#
...##......#..#
. #..@R#......#
.....#sl##.####
.....#s@.###
[...ss4h##
.....shl.#
....#....#
....#..#.# ##.
##. ## # ##


You could see a demonic crawler, a chaos spawn, a tarantella, 3 redbacks, a
friendly rakshasa, 2 friendly hell hounds, 2 friendly wyverns and the friendly
ponk's illusion (confused).

Vanquished Creatures
  A hydra (Lair:3)
  A hill giant (D:10)
  Pikel (D:7)
  An orb spider (Spider:1)
  A black mamba (Lair:2)
  3 spiny frogs (Lair:2)
  3 rime drakes
  3 komodo dragons
  7 blink frogs (Lair:3)
  2 hippogriffs (Lair:2)
  A tarantella (Spider:1)
  6 yaks
  3 hungry ghosts
  A naga (D:10)
  4 water moccasins
  6 porcupines
  2 black bears
  3 sky beasts
  4 ice beasts
  3 orc warriors
  A phantom (D:4)
  3 ogres
  4 centaurs
  4 wolves (Lair:3)
  A necrophage (D:8)
  6 crocodiles
  9 bullfrogs
  2 scorpions
  15 killer bees
  4 jellies
  5 wights (D:6)
  A howler monkey (D:4)
  2 crimson imps
  A bullfrog zombie (D:8)
  2 quasits
  3 hounds
  7 orc priests
  3 orc wizards
  3 bullfrog skeletons
  4 iguanas
  3 worker ants
  3 hound zombies
  2 worker ant zombies
  A gnoll (D:10)
  A howler monkey skeleton (D:6)
  8 adders
  3 river rats (D:5)
  4 shadow imps
  5 oozes (D:10)
  An adder skeleton (D:6)
  An adder zombie (D:5)
  A worm (D:2)
  3 dart slugs
  3 leopard geckos
  33 orcs
  2 ball pythons (D:5)
  5 bats
  10 giant cockroaches
  5 goblins
  11 hobgoblins
  5 jackals
  5 quokkas
  A ball python skeleton (D:4)
  7 frilled lizards
  A jackal skeleton (D:4)
  8 kobolds
  A leopard gecko skeleton (D:4)
  A quokka zombie (D:5)
  10 rats
  3 plants
283 creatures vanquished.

Vanquished Creatures (collateral kills)
  Psyche (D:9)
  A hornet (D:10)
  A troll (D:9)
  A two-headed ogre (D:8)
  2 tarantellas (Spider:1)
  A redback (Spider:1)
  2 yaks (Lair:3)
  6 killer bees
  A jelly (D:7)
  An iguana (D:8)
  2 worker ants
  4 orcs (D:7)
  A leopard gecko skeleton (D:7)
24 creatures vanquished.

Vanquished Creatures (others)
  3 slaves (D:7)
  A wolf (Lair:3)
  A scorpion (D:8)
  An orc wizard (D:7)
  A worker ant (D:9)
  5 orcs (D:7)
12 creatures vanquished.

Grand Total: 319 creatures vanquished

Notes
Turn   | Place    | Note
-------+----------+-------------------------------------------
     0 | D:1      | ponk the Troll Monk began the quest for the Orb.
     0 | D:1      | Reached XP level 1. HP: 22/22 MP: 0/0
   231 | D:1      | Reached XP level 2. HP: 29/29 MP: 1/1
   565 | D:1      | Reached XP level 3. HP: 36/36 MP: 2/2
   713 | D:2      | Found a glowing silver altar of Zin.
   733 | D:2      | Found a hazy altar of Hepliaklqana.
  1343 | D:3      | Reached skill level 4 in Unarmed Combat
  1343 | D:3      | Reached XP level 4. HP: 43/44 MP: 3/3
  1611 | D:3      | Reached XP level 5. HP: 46/52 MP: 4/4
  1636 | D:3      | Reached skill level 5 in Unarmed Combat
  2132 | D:4      | Found a staircase to the Ecumenical Temple.
  2132 | D:4      | Noticed an ogre
  2133 | D:4      | Noticed a phantom
  2138 | D:5      | Entered Level 5 of the Dungeon
  2188 | D:5      | Identified the Disquisition on Hexes and the Rocks
  2484 | D:5      | Noticed a sky beast
  2492 | D:5      | Killed a sky beast
  2492 | D:5      | Reached skill level 6 in Unarmed Combat
  2492 | D:5      | Reached XP level 6. HP: 59/59 MP: 5/5
  2663 | D:5      | Reached skill level 7 in Unarmed Combat
  3126 | D:4      | Reached XP level 7. HP: 66/66 MP: 6/6
  3233 | D:4      | Reached skill level 8 in Unarmed Combat
  3275 | Temple   | Entered the Ecumenical Temple
  3580 | Temple   | Became a worshipper of Nemelex Xobeh the Trickster
  3580 | Temple   | Received a gift from Nemelex Xobeh
  3580 | Temple   | Received a gift from Nemelex Xobeh
  3580 | Temple   | Reached * piety under Nemelex Xobeh
  3580 | Temple   | Received a gift from Nemelex Xobeh
  3580 | Temple   | Reached ** piety under Nemelex Xobeh
  4268 | D:6      | Found a sparkling altar of Nemelex Xobeh.
  4349 | D:6      | Found Zaopla's Magic Scroll Boutique.
  4419 | D:6      | Reached skill level 9 in Unarmed Combat
  4438 | D:6      | Found a shattered altar of Ashenzari.
  4834 | D:6      | Reached XP level 8. HP: 72/74 MP: 7/7
  4860 | D:6      | Reached skill level 10 in Unarmed Combat
  5777 | D:7      | Noticed Pikel
  5815 | D:7      | Killed Pikel
  5815 | D:7      | Reached skill level 11 in Unarmed Combat
  5815 | D:7      | Reached XP level 9. HP: 26/80 MP: 8/8
  6073 | D:7      | Reached skill level 12 in Unarmed Combat
  6169 | D:7      | Received a gift from Nemelex Xobeh
  6881 | D:8      | Found a hide-covered altar of Uskayaw.
  6923 | D:8      | Reached skill level 13 in Unarmed Combat
  7125 | D:8      | Reached *** piety under Nemelex Xobeh
  7600 | D:9      | Noticed Psyche
  7610 | D:9      | Killed Psyche
  7610 | D:9      | Reached XP level 10. HP: 89/89 MP: 9/9
  7657 | D:9      | Reached skill level 14 in Unarmed Combat
  7919 | D:9      | Learned a level 8 spell: Discord
  7976 | D:9      | Received a gift from Nemelex Xobeh
  8091 | D:9      | Gained mutation: You are weak. (Str -2) [mutagenic glow]
  8558 | D:10     | Entered Level 10 of the Dungeon
  8663 | D:10     | Reached **** piety under Nemelex Xobeh
  8682 | D:10     | Noticed a hill giant
  8688 | D:10     | Killed a hill giant
  8716 | D:10     | Found a staircase to the Lair.
  8726 | D:10     | Reached skill level 15 in Unarmed Combat
  8940 | D:10     | Received a gift from Nemelex Xobeh
  9157 | Lair:1   | Entered Level 1 of the Lair of Beasts
  9325 | Lair:1   | You fall through a shaft!
  9329 | Lair:2   | Noticed a spiny frog
  9334 | Lair:2   | Killed a spiny frog
  9486 | Lair:2   | Received a gift from Nemelex Xobeh
  9519 | Lair:2   | Reached XP level 11. HP: 93/96 MP: 10/10
  9540 | Lair:2   | Reached skill level 16 in Unarmed Combat
  9795 | Lair:2   | Reached ***** piety under Nemelex Xobeh
  9795 | Lair:2   | Received a gift from Nemelex Xobeh
 10317 | Lair:3   | Received a gift from Nemelex Xobeh
 10331 | Lair:3   | Reached skill level 17 in Unarmed Combat
 10838 | Lair:3   | Noticed a five-headed hydra
 10840 | Lair:3   | Killed a five-headed hydra
 10853 | Lair:3   | Received a gift from Nemelex Xobeh
 10860 | Lair:3   | Reached skill level 18 in Unarmed Combat
 11091 | Lair:3   | Found a hole to the Spider Nest.
 11113 | Spider:1 | Entered Level 1 of the Spider Nest
 11135 | Spider:1 | Noticed an orb spider
 11137 | Spider:1 | Killed an orb spider
 11137 | Spider:1 | Reached XP level 12. HP: 104/104 MP: 11/11
 11149 | Spider:1 | Received a gift from Nemelex Xobeh
 11230 | Spider:1 | HP: 5/104 [demonic crawler (4)]
 11230 | Spider:1 | HP: 1/104 [demonic crawler (4)]
 11232 | Spider:1 | Slain by a demonic crawler

Skill      XL: |  1  2  3  4  5  6  7  8  9 10 11 |
---------------+----------------------------------+-----
Unarmed Combat | 4 6 7 9 11 13 15 18 | 18.1
Fighting       | |  2.8
Dodging        | |  2.8
Stealth        | |  1.1

Action                   |  1- 3 |  4- 6 |  7- 9 | 10-12 || total
-------------------------+-------+-------+-------+-------++-------
Melee: Unarmed           |   120 |   126 |   210 |   221 ||   677
       Punch             |       |     4 |    11 |    21 ||    36
Throw: Javelin           |       |       |       |     4 ||     4
Evoke: Deck              |       |       |    15 |    51 ||    66
  Use: Scroll            |       |     5 |     2 |       ||     7
       Potion            |       |       |       |     2 ||     2
 Stab: Sleeping          |     5 |     6 |     4 |     1 ||    16
       Distracted        |       |     1 |       |       ||     1
  Eat: Chunk             |    18 |    15 |    37 |    45 ||   115
       Bread ration      |       |       |     1 |       ||     1
Armor: Robe              |    32 |    34 |    82 |     1 ||   149
       Troll leather arm |       |       |       |    63 ||    63
Dodge: Dodged            |    44 |    62 |   134 |   141 ||   381
